 Dungeon Crawl Stone Soup version 0.27-a0-1332-g84bddb5ca7 (webtiles) character file.

Game seed: 10111478158984641652

5 Brandom the Chiller (level 1, -2/14 HPs)
             Began as a Human Ice Elementalist on June 25, 2021.
             Killed from afar by a dart slug (3 damage)
             ... with a slug dart
             ... on level 1 of the Dungeon.
             The game lasted 00:01:39 (356 turns).

Brandom the Chiller (Human Ice Elementalist)         Turns: 356, Time: 00:01:40

Health: -2/14      AC:  2    Str:  8    XL:     1   Next: 88%
Magic:  3/3        EV: 12    Int: 15    God:
Gold:   33         SH:  0    Dex: 13    Spells: 3/4 levels left

rFire    . . .     SeeInvis .   (no weapon)
rCold    . . .     Faith    .   (no shield)
rNeg     . . .     Spirit   .   a - +0 robe
rPois    .         Reflect  .   (no helmet)
rElec    .         Harm     .   (no cloak)
rCorr    .         Rampage  .   (no gloves)
Will     .....                  (no boots)
Stlth    ++........             (no amulet)
HPRegen  0.04/turn              (no ring)
MPRegen  0.08/turn              (no ring)

@: no status effects
A: no striking features
a: no special abilities


You were on level 1 of the Dungeon.
You visited 1 branch of the dungeon, and saw 1 of its levels.

You collected 33 gold pieces.

Inventory:

Armour
 a - a +0 robe (worn)
Magical Staves
 d - a staff of death
   (You found it on level 1 of the Dungeon)
Scrolls
 b - a scroll of blinking {unknown}
 c - a scroll of fear {unknown}


   Skills:
 + Level 0.4 Fighting
 + Level 2.1 Dodging
 - Level 2.0 Stealth
 + Level 2.1 Spellcasting
 + Level 4.0 Ice Magic


You had 3 spell levels left.
You knew the following spells:

 Your Spells              Type           Power      Damage    Failure   Level
a - Freeze                Ice            52%        1d7       4%          1

Your spell library contained the following spells:

 Spells                   Type           Power      Damage    Failure   Level
 Frozen Ramparts          Ice            26%        1d4       12%         3
 Ozocubu's Armour         Ice            13%        N/A       12%         3
 Hailstorm                Conj/Ice       7%         3d4       67%         4
 Metabolic Englaciation   Hex/Ice        3%         N/A       95%         5


Dungeon Overview and Level Annotations

Branches:
Dungeon (1/15)

Altars:


Message History

You open the door.
There is an open door here.
A bat comes into view.
Found a scroll labelled ZUNESE OLYDOLA.
The bat hits you but does no damage.
Aim: a bat You freeze the bat.
The bat hits you but does no damage. The bat misses you.
The bat hits you but does no damage.
Aim: a bat (heavily wounded)
You freeze the bat.
You kill the bat!
c - a scroll labelled ZUNESE OLYDOLA You see here a bat corpse.
A bat comes into view.
Aim: a bat (asleep)
You freeze the bat.
You kill the bat!
A hobgoblin comes into view.
The hobgoblin shouts!
Aim: a hobgoblin You freeze the hobgoblin.
The hobgoblin hits you.
Aim: a hobgoblin (severely wounded)
You freeze the hobgoblin.
You kill the hobgoblin!
You see here a bat corpse.
Found a weird smoking staff.
You see here a bat corpse.
You see here a staff of death.
d - a staff of death A dart slug comes into view.
Unknown command.
The dart slug launches a dart at you. The slug dart misses you.
Found 27 arrows.
The dart slug launches a dart at you. The slug dart hits you.
The dart slug barely misses you. The dart slug launches a dart at you.
The slug dart hits you.
The dart slug bites you but does no damage.
The dart slug completely misses you. The dart slug launches a dart at you.
The slug dart hits you.
* * * LOW HITPOINT WARNING * * *
The dart slug launches a dart at you. The slug dart hits you.
* * * LOW HITPOINT WARNING * * *
The dart slug launches a dart at you. The slug dart hits you.
You die...

# # #. #..
###
#...####
#..
+....w.#
###..
#...##@###
#.'..
#......(..#
###.#..
#.#####.#.#
#...###
#.#.# #.###
#.#.# #.#
#.#.#
#.#####
#.#.#
#......
#.#.#
#######
..#.# #....


You could see a dart slug.

Vanquished Creatures
  2 bats (D:1)
  2 hobgoblins (D:1)
  A rat (D:1)
5 creatures vanquished.

Notes
Turn   | Place    | Note
-------+----------+-------------------------------------------
     0 | D:1      | Brandom the Human Ice Elementalist began the quest for the
                  | Orb.
     0 | D:1      | Reached XP level 1. HP: 13/13 MP: 3/3
   356 | D:1      | Killed from afar by a dart slug

Illustrated notes

Levels and vault maps discovered:
D:1:      amcnicky_arrival_underground_garden, layout_basic,
          shapermc_ecumenical_altar_hornbeckon

Action                   || total
-------------------------++-------
 Cast: Freeze            ||     9
Armor: Robe              ||     5
Dodge: Dodged            ||     6

Table legend: (Time is in decaauts)
 A = Elapsed time spent in this place.
 B = Non-inter-level travel time spent in this place.
 C = Inter-level travel time spent in this place.
 D = Time resting spent in this place.
 E = Time spent auto-exploring this place.
 F = Levels seen in this place.
 G = Mean time per level.
                   A        B        C        D        E       F      G
               +--------+--------+--------+--------+--------+-----+--------+
         Total |    356 |    356 |      0 |      0 |    299 |   1 |  356.0 |
       Dungeon |    356 |    356 |      0 |      0 |    299 |   1 |  356.0 |
               +--------+--------+--------+--------+--------+-----+--------+

Top non-repeatable levels by time:
     D:1: 356 daAuts
